 Dungeon Crawl Stone Soup version 0.26.1-2-gb8aa6d0cf2 (webtiles) character file.

Game seed: 754822353098057333

177 smokedtuna the Skirmisher (level 5, -1/47 HPs)
             Began as a Hill Orc Fighter on Mar 27, 2021.
             Was a Follower of Trog.
             Slain by an orc warrior
             ... wielding a +0 hand axe
              (4 damage)
             ... on level 3 of the Dungeon.
             The game lasted 00:11:43 (2320 turns).

smokedtuna the Skirmisher (Hill Orc Fighter)        Turns: 2320, Time: 00:11:43

Health: -1/47      AC:  7    Str: 20    XL:     5   Next: 57%
Magic:  5/5        EV:  7    Int:  8    God:    Trog [*.....]
Gold:   69         SH:  9    Dex: 10    Spells: 4/4 levels left

rFire    . . .     SeeInvis .   a - +0 war axe
rCold    . . .     Faith    .   c - +0 kite shield
rNeg     . . .     Spirit   .   b - +0 scale mail
rPois    .         Reflect  .   (no helmet)
rElec    .         Harm     .   (no cloak)
rCorr    .         Rampage  .   (no gloves)
Will     .....                  (no boots)
Stlth    ..........             (no amulet)
HPRegen  0.15/turn              (no ring)
MPRegen  0.09/turn              (no ring)

@: no status effects
A: no striking features
a: Renounce Religion, Berserk


You were on level 3 of the Dungeon.
You worshipped Trog.
Trog was aware of your devotion.
You visited 1 branch of the dungeon, and saw 3 of its levels.

You collected 69 gold pieces.

Inventory:

Hand Weapons
 a - a +0 war axe (weapon)
Missiles
 p - 8 javelins (quivered)
Armour
 b - a +0 scale mail (worn)
 c - a +0 kite shield (worn)
 j - a scarf of resistance
 l - a scarf of repulsion
Jewellery
 e - an uncursed ring of willpower {unknown}
 n - an uncursed ring of flight {unknown}
Wands
 u - a wand of paralysis (6)
Scrolls
 m - 2 scrolls of teleportation
 s - a scroll of remove curse
 t - a scroll of immolation {unknown}
 v - a scroll of random uselessness {unknown}
Potions
 f - 2 potions of curing {unknown}
 g - a potion of heal wounds {unknown}
 h - a potion of brilliance {unknown}
 i - a potion of flight {unknown}
 k - 2 potions of cancellation {unknown}
 o - 3 potions of berserk rage {unknown}
 q - a potion of ambrosia {unknown}
 r - 2 potions of haste {unknown}


   Skills:
 + Level 4.8 Fighting
 + Level 4.3 Axes
 + Level 4.3 Armour
 + Level 4.3 Shields


You had 4 spell levels left.
You didn't know any spells.
Your spell library was empty.

Dungeon Overview and Level Annotations

Branches:
Dungeon (3/15)

Altars:
Trog
Uskayaw


Message History

The orc hits you.
You barely miss the orc warrior.
The orc warrior is lightly wounded.
You closely miss the orc.
The orc warrior hits you with a +0 hand axe!
* * * LOW HITPOINT WARNING * * *
The orc hits you but does no damage.
The orc wizard gestures wildly while chanting.
The orc wizard blinks!
The orc hits you.
* * * LOW HITPOINT WARNING * * *
The orc warrior hits you but does no damage.
You hit the orc warrior but do no damage.
The orc warrior is lightly wounded.
The orc warrior hits you but does no damage.
You slash the orc!
You kill the orc!
Trog accepts your kill.
You barely miss the orc warrior.
The orc warrior hits you with a +0 hand axe.
You die...

#..# ...#....#.# ...
........o.## .... .
#.#....## ... .. #.o.....##
#.. .#.# ##...#....# ###
....###..#.##...## ...
#....##...##..# ... .
##..o†####.##..#
...........#....@# ##.#...#
..... ...........###....#)#
....##...........##....##.#
............#.....†.##.##.#
....##......###..#####.##.#
....##......# #.## #....#
............###.# ######
......#.....#...#
.####.......#.###


You could see an orc warrior and an orc wizard.

Vanquished Creatures
  An orc wizard (D:3)
  7 adders
  An ooze (D:3)
  3 worms (D:2)
  A dart slug (D:1)
  2 leopard geckos
  10 orcs (D:3)
  3 ball pythons (D:1)
  7 goblins
  7 hobgoblins
  4 jackals (D:1)
  8 bats
  2 frilled lizards
  6 kobolds
  6 rats
68 creatures vanquished.

Notes
Turn   | Place    | Note
-------+----------+-------------------------------------------
     0 | D:1      | smokedtuna the Hill Orc Fighter began the quest for the
                  | Orb.
     0 | D:1      | Reached XP level 1. HP: 19/19 MP: 1/1
    88 | D:1      | Reached XP level 2. HP: 26/27 MP: 2/2
   557 | D:1      | Reached XP level 3. HP: 33/33 MP: 3/3
  1235 | D:2      | Found a bloodstained altar of Trog.
  1235 | D:2      | Found a hide-covered altar of Uskayaw.
  1241 | D:2      | Became a worshipper of Trog the Wrathful
  1315 | D:2      | Reached XP level 4. HP: 38/40 MP: 4/4
  1924 | D:3      | Reached XP level 5. HP: 27/47 MP: 5/5
  1929 | D:3      | Reached * piety under Trog
  2302 | D:3      | Noticed an orc warrior
  2315 | D:3      | HP: 2/47 [orc (2)]
  2320 | D:3      | Slain by an orc warrior

Illustrated notes

Levels and vault maps discovered:
D:1:      kennysheep_arrival_seaside, layout_basic, minivault_27,
          nrook_campfire, eino_curves_01, minmay_misc_feat_roman
D:2:      layout_rooms, gammafunk_temple_overflow_wave
D:3:      layout_rooms, serial_corexii_hall, corexii_hall_statues_l,
          chequers_hall_statues_corner_a

Skill      XL: |  1  2  3  4 |
---------------+-------------+-----
Axes           | 3 4 |  4.3
Fighting       | 4 |  4.8
Shields        | 4 |  4.3
Armour         | 4 |  4.3

Action                   |  1- 3 |  4- 6 || total
-------------------------+-------+-------++-------
Melee: War axe           |   132 |   113 ||   245
Throw: Javelin           |     2 |       ||     2
  Use: Scroll            |     1 |     1 ||     2
       Potion            |       |     1 ||     1
Armor: Scale mail        |    59 |    59 ||   118
Dodge: Dodged            |    41 |    32 ||    73
Block: Kite shield       |    76 |    46 ||   122
